 Dungeon Crawl Stone Soup version 0.19.1 (webtiles) character file.

552 Ladykiller69 the Chopper (level 7, -1/54 HPs)
             Began as a Formicid Fighter on Nov 24, 2016.
             Slain by an orc warrior
             ... wielding a +0 battleaxe
              (14 damage)
             ... on level 3 of the Dungeon.
             The game lasted 00:04:34 (2586 turns).

Ladykiller69 the Chopper (Formicid Fighter)         Turns: 2586, Time: 00:04:35

Health: -1/54      AC:  8    Str: 20    XL:     7   Next: 55%
Magic:  7/7        EV:  8    Int: 10    God:
Gold:   186        SH: 10    Dex: 10    Spells: 0 memorised, 6 levels left

rFire  . . .     SeeInvis +     a - +0 war axe
rCold  . . .     Gourm    .     b - +0 scale mail
rNeg   . . .     Faith    .     c - +0 shield
rPois  .         Spirit   .     (helmet unavailable)
rElec  .         Reflect  .     w - +0 cloak
rCorr  .         Harm     .     (no gloves)
MR     .....                    (no boots)
Stlth  ..........               (no amulet)
                                (no ring)
                                (no ring)

@: no status effects
A: permanent stasis, dig shafts and tunnels, four strong arms, antennae 3
a: Dig, Shaft Self


You were on level 3 of the Dungeon.
You were not hungry.

You visited 1 branch of the dungeon, and saw 4 of its levels.

You collected 186 gold pieces.

Inventory:

Hand Weapons
 a - a +0 war axe (weapon)
Missiles
 k - 5 large rocks
 p - 81 stones (quivered)
Armour
 b - a +0 scale mail (worn)
 c - a +0 shield (worn)
 w - a +0 cloak (worn)
Jewellery
 n - an uncursed ring of protection from cold {unknown}
 A - a cursed amulet of inaccuracy {unknown}
Scrolls
 h - 2 scrolls of magic mapping {unknown}
 i - 2 scrolls of remove curse {unknown}
 j - a scroll of enchant weapon {unknown}
 m - a scroll of recharging {unknown}
 o - 2 scrolls of identify {unknown}
 q - 2 scrolls of teleportation {unknown}
 y - a scroll of enchant armour {unknown}
Potions
 d - 3 potions of might
 e - a potion of cancellation {unknown}
 g - 6 potions of curing {unknown}
 l - a potion of berserk rage {unknown}
 r - 2 potions of beneficial mutation {unknown}
 s - a potion of haste {unknown}
 t - 2 potions of degeneration {unknown}
 v - a potion of mutation {unknown}
Comestibles
 f - 2 bread rations
 u - 3 chunks of flesh
 x - 5 fruits
 z - a beef jerky
 B - a meat ration


   Skills:
 - Level 4.0 Fighting
 * Level 6.0 Axes
 - Level 4.0 Armour
 + Level 5.9 Shields


You had 6 spell levels left.
You didn't know any spells.

Dungeon Overview and Level Annotations

Branches:
Dungeon (4/15)
 Temple: D:4-7

Altars:
Okawaru

Shops:
D:4 [


Innate Abilities, Weirdness & Mutations

You are under a permanent stasis effect.
You can dig through walls and to a lower floor.
Your four strong arms can wield two-handed weapons with a shield.
You have a pair of large antennae on your head. (SInv)


Message History

You hit the orc warrior but do no damage.
You block the orc warrior's attack.
You barely miss the orc warrior. The orc warrior barely misses you.
You closely miss the orc warrior. You block the orc warrior's attack.
You barely miss the orc warrior. You block the orc warrior's attack.
There is an open door here.
There is a stone staircase leading up here.
The orc warrior hits you with a battleaxe!
You climb upwards.
There is a stone staircase leading down here.
You hit the orc warrior but do no damage.
You hit the orc warrior but do no damage.
The orc warrior barely misses you.
You slash the orc warrior!
The orc warrior is moderately wounded.
The orc warrior hits you with a battleaxe!!
* * * LOW HITPOINT WARNING * * *
You are too injured to fight recklessly!
The orc warrior hits you with a battleaxe!
You die...

######>## ##...# #.......
#.......## ##..#.# #.......
#.####...###.#.#.# #....... #.#
#.....#.##.#.# ###..... #.#
##...#.###.#.#### #..... ##.#
##........#....## ##.### ...#
#.#######......## #.# #### #.#
#.#.....## #.# .# ##'##
#@.......## #.# .# ##...##
#.o.......# #.# .# ##.....##
#.>.......# ##.### .# ##.......##
#.........# #...#<
.###.........###........####.....
...+.>.......'...................
.###.........###......#######....
## ##.......## ###..### #.##. #
##.....## ##.# #.###


You could see an orc warrior.

Vanquished Creatures
  Sigmund (D:4)
  2 scorpions (D:3)
  The ghost of dscm the Covered, a weakling GrFi (D:4)
  2 orc wizards (D:3)
  Jessica (D:2)
  An iguana (D:4)
  A worker ant (D:4)
  6 adders
  2 oozes
  An adder skeleton (D:4)
  A worm (D:4)
  A dart slug (D:2)
  3 leopard geckos
  4 orcs
  2 ball pythons
  6 bats
  2 giant cockroaches
  7 goblins
  4 hobgoblins
  3 frilled lizards (D:1)
  8 kobolds
  A leopard gecko skeleton (D:4)
  5 rats
65 creatures vanquished.

Notes
Turn   | Place    | Note
-------+----------+-------------------------------------------
     0 | D:1      | Ladykiller69 the Formicid Fighter began the quest for the Orb.
     0 | D:1      | Reached XP level 1. HP: 18/18 MP: 1/1
    76 | D:1      | Reached XP level 2. HP: 24/24 MP: 2/2
   158 | D:1      | Found an iron altar of Okawaru.
   602 | D:2      | Noticed Jessica
   607 | D:2      | Killed Jessica
   607 | D:2      | Reached XP level 3. HP: 30/30 MP: 3/3
   674 | D:2      | Reached skill level 3 in Axes
   674 | D:2      | Reached XP level 4. HP: 37/37 MP: 4/4
  1212 | D:3      | Reached XP level 5. HP: 36/42 MP: 5/5
  1432 | D:3      | Reached skill level 4 in Axes
  1619 | D:3      | Reached XP level 6. HP: 38/48 MP: 6/6
  2069 | D:3      | Reached skill level 5 in Shields
  2141 | D:4      | Noticed dscm's ghost (weakling GrFi)
  2154 | D:4      | Killed dscm's ghost
  2154 | D:4      | Reached skill level 5 in Axes
  2159 | D:4      | Found Nylaq's Antique Armour Shoppe.
  2200 | D:4      | Noticed Sigmund
  2209 | D:4      | Killed Sigmund
  2209 | D:4      | Reached XP level 7. HP: 51/54 MP: 7/7
  2392 | D:3      | Reached skill level 6 in Axes
  2586 | D:3      | Slain by an orc warrior

Skill      XL: |  1  2  3  4  5  6  7 |
---------------+----------------------+-----
Shields        | 4 5 |  5.9
Axes           | 3 4 5 6 |  6.0
Fighting       | 4 |  4.0
Armour         | 4 |  4.0

Action                   |  1- 3 |  4- 6 |  7- 9 || total
-------------------------+-------+-------+-------++-------
Melee: War axe           |    62 |   116 |    36 ||   214
  Eat: Chunk             |       |     4 |     2 ||     6
Armor: Scale mail        |    31 |    48 |     8 ||    87
Dodge: Dodged            |    22 |    39 |    10 ||    71
Block: Shield            |    23 |    66 |    21 ||   110
